AoeStats
← Ricardo Iorio

Lombardia

508096521Analyzed
2v2 RM · 12d ago on Sep 20, 2026· 42m 49s· 4 players
Game mode
Random Map
Map size
Medium (4 player)
Population
200
Speed
Normal
Resources
Standard
Victory
Conquest
Starting age
Dark Age
Ending age
Imperial Age
RankedLock teamsTeams togetherTeam positionsShared explorationLock speedFull tech treeHidden civsTurbo modeCheats
Victory
Defeat
🇦🇷 Ethiopians · Argentina
1043
+12
🇦🇷 Franks · Argentina
906
+18
🇨🇱 Khmer · Chile
1009
-17
🇦🇷 Koreans · Argentina
896
-13
Ishii
0:26 Loom
11:26 Feudal Age
12:51 Double-Bit Axe
17:17 Castle Age
20:07 Town Watch
20:16 Fletching
20:26 Padded Archer Armor
22:18 Horse Collar
26:35 Crossbowman
27:15 Arson
29:41 Squires
29:40 Bodkin Arrow
30:01 Leather Archer Armor
31:23 Wheelbarrow
31:14 Royal Heirs
33:32 Ballistics
34:36 Heavy Plow
34:49 Bow Saw
34:33 Gold Mining
34:34 Stone Mining
34:54 Thumb Ring
35:12 Scale Mail Armor
38:10 Imperial Age
36:54 Masonry
38:09 Hand Cart
38:43 Arbalester
39:27 Bracer
40:33 Chemistry
41:27 Conscription
Ricardo Iorio
5:25 Loom
12:15 Feudal Age
12:57 Double-Bit Axe
17:45 Wheelbarrow
17:31 Forging
20:46 Castle Age
19:13 Scale Barding Armor
26:48 Iron Casting
30:55 Chain Barding Armor
30:36 Padded Archer Armor
30:40 Scale Mail Armor
30:45 Murder Holes
31:11 Ballistics
36:42 Imperial Age
34:52 Fletching
37:40 Onager
38:26 Cavalier
39:07 Husbandry
[LOPDA] NEO
CAPITÁN PERRO
0:30 Loom
9:15 Feudal Age
9:47 Town Watch
10:10 Horse Collar
11:14 Wheelbarrow
10:27 Double-Bit Axe
19:55 Castle Age
18:22 Gold Mining
19:01 Bloodlines
20:59 Hand Cart
21:31 Husbandry
36:28 Gold Shaft Mining
39:07 Imperial Age
41:23 Double Crossbow
41:43 Conscription
40:46 Heavy Scorpion
41:39 Town Patrol
Connection lost

Rejoining the realm…

Still unreachable

The connection could not be restored.

Session expired

The server has moved on; the page needs a fresh start.